 Dungeon Crawl Stone Soup version 0.25-a0-365-g7600c65 (webtiles) character file.

Game seed: 12343547605133703147, levelgen mode: deterministic

7 Birdy the Sneak (level 2, -2/15 HPs)
             Began as a Vine Stalker Assassin on Jan 5, 2020.
             Slain by a kobold
             ... wielding a +0 short sword
              (7 damage)
             ... on level 1 of the Dungeon.
             The game lasted 00:00:57 (82 turns).

Birdy the Sneak (Vine Stalker Assassin)               Turns: 82, Time: 00:00:57

Health: -2/15      AC:  3    Str: 13    XL:     2   Next: 0%
Magic:  0/3        EV: 11    Int: 11    God:
Gold:   0          SH:  0    Dex: 15    Spells: 1/1 levels left

rFire    . . .     SeeInvis .   a - +2 dagger
rCold    . . .     Gourm    .   (no shield)
rNeg     . . .     Faith    .   b - +0 robe
rPois    .         Spirit   +   (no helmet)
rElec    .         Reflect  .   c - +0 cloak
rCorr    .         Harm     .   (no gloves)
MR       .....                  (no boots)
Stlth    +++.......             (no amulet)
HPRegen  0.05/turn              (no ring)
MPRegen  0.08/turn              (no ring)

@: no status effects
A: fangs 2, magic shield, antimagic bite, no potion heal 3, rot immunity
a: no special abilities


You were on level 1 of the Dungeon.
You were not hungry.

You visited 1 branch of the dungeon, and saw 1 of its levels.

Inventory:

Hand Weapons
 a - a +2 dagger (weapon)
Missiles
 d - 8 poisoned darts (quivered)
 e - 2 curare-tipped darts
Armour
 b - a +0 robe (worn)
 c - a +0 cloak (worn)
Comestibles
 f - a ration


   Skills:
 + Level 1.8 Fighting
 * Level 2.0 Short Blades
 - Level 1.7 Throwing
 + Level 0.2 Armour
 + Level 0.8 Dodging
 + Level 4.9 Stealth
 + Level 0.2 Spellcasting


You had one spell level left.
You didn't know any spells.
Your spell library was empty.

Dungeon Overview and Level Annotations

Branches:
Dungeon (1/15)

Altars:


Innate Abilities, Weirdness & Mutations

You have extremely sharp teeth.
When hurt, damage is shared between your health and your magic reserves.
Your bite disrupts and absorbs the magic of your enemies.
Potions cannot restore your health.
You are immune to rotting.


Message History

A hobgoblin comes into view. It is wielding a +0 club.
The kobold hits you with a +0 club.
You hit the kobold but do no damage. You bite the kobold, but do no damage.
The kobold is moderately wounded.
The kobold hits you with a +0 club.
You are too injured to fight recklessly!
You are too injured to fight recklessly!
Unknown command.
A kobold comes into view. It is wielding a +0 short sword.
You hit the kobold. Your bite misses the kobold.
The kobold is severely wounded.
The kobold hits you with a +0 club.
You hit the kobold.
You kill the kobold!
Your Short Blades skill increases to level 2!
You have reached level 2!
You hit the kobold but do no damage.
The kobold hits you with a +0 short sword.
The kobold hits you with a +0 short sword!
You die...

.### #. ... #.# . .. #.# #.
#. #.# ##.. #.#########.#
##...####.........#.#
#.......##K..####.#.#
#.....g.)K@..####.#.#######
#.....).##.................
........#########.#.#######
........# #.#.# ........#
#.#.# ........# #.#.#
.#.###### #.#.# #. ..#.# #
###.#


You could see a hobgoblin and 2 kobolds.

Vanquished Creatures
  3 goblins (D:1)
  A kobold (D:1)
  A bat (D:1)
  A frilled lizard (D:1)
6 creatures vanquished.

Notes
Turn   | Place    | Note
-------+----------+-------------------------------------------
     0 | D:1      | Birdy the Vine Stalker Assassin began the quest for the
                  | Orb.
     0 | D:1      | Reached XP level 1. HP: 11/11 MP: 2/2
    80 | D:1      | Reached XP level 2. HP: 5/15 MP: 1/3
    82 | D:1      | Slain by a kobold

Levels and vault maps discovered:
D:1:      eino_arrival_tree_alley, layout_loops_ring, minmay_misc_feat_ornament

Skill      XL: |  1 |
---------------+----+-----
Short Blades   | 2 |  2.0
Fighting       | |  1.8
Throwing       | |  1.7
Armour         | |  0.2
Dodging        | |  0.8
Stealth        | |  4.9
Spellcasting   | |  0.2

Action                   || total
-------------------------++-------
Melee: Dagger            ||    11
       Bite              ||     2
 Stab: Sleeping          ||     1
Dodge: Dodged            ||     3

Table legend:
 A = Non-vault XP
 B = Vault XP
 C = Vault XP percentage of total XP
 D = Non-vault monster count
 E = Vault monster count
 F = Vault count percentage of total count
                 A         B        C        D         E       F
            +---------+---------+-------+---------+---------+-------
      Total |      10 |       0 |   0.0 |       6 |       0 |   0.0
            +---------+---------+-------+---------+---------+-------
        D:1 |      10 |       0 |   0.0 |       6 |       0 |   0.0
            +---------+---------+-------+---------+---------+-------
